 Dungeon Crawl Stone Soup version 0.19.0-2-gae57169 (webtiles) character file.

67 Khazard the Conjurer (level 4, -1/24 HPs)
             Began as a Tengu Wizard on Nov 5, 2016.
             Killed from afar by Ijyb (14 damage)
             ... with a wand of lightning
             ... on level 2 of the Dungeon.
             The game lasted 00:01:36 (1938 turns).

Khazard the Conjurer (Tengu Wizard)                 Turns: 1938, Time: 00:01:36

Health: -1/24      AC:  2    Str:  8    XL:     4   Next: 16%
Magic:  28/28      EV: 12    Int: 19    God:
Gold:   68         SH:  0    Dex: 12    Spells: 4 memorised, 1 level left

rFire  . . .     SeeInvis .     a - +0 spear
rCold  . . .     Gourm    .     q - +0 robe
rNeg   . . .     Faith    .     (no shield)
rPois  .         Spirit   .     b - +0 hat
rElec  .         Reflect  .     (no cloak)
rCorr  .         Harm     .     (no gloves)
MR     .....                    (boots unavailable)
Stlth  ++........               (no amulet)
                                h - ring of magical power
                                m - ring of magical power

@: repel missiles
A: beak, talons 3
a: no special abilities


You were on level 2 of the Dungeon.
You were not hungry.

You visited 1 branch of the dungeon, and saw 2 of its levels.

You collected 68 gold pieces.

Inventory:

Hand Weapons
 a - a +0 spear (weapon)
Armour
 b - a +0 hat (worn)
 q - a +0 robe (worn)
Jewellery
 h - a ring of magical power (right hand)
 l - an uncursed ring of flight
 m - a ring of magical power (left hand)
Scrolls
 g - 2 scrolls of remove curse {unknown}
 j - a scroll of blinking {unknown}
 p - a scroll of enchant armour {unknown}
Potions
 e - a potion of heal wounds {unknown}
 f - a potion of curing {unknown}
 i - a potion of cancellation {unknown}
 k - a potion of mutation {unknown}
 n - a potion of flight {unknown}
Books
 c - a book of Minor Magic

   Spells                             Type                      Level
   a - Magic Dart                     Conjuration                  1
   b - Blink                          Translocation                2
   c - Call Imp                       Summoning                    2
   d - Repel Missiles                 Charms/Air                   2
   e - Slow                           Hexes                        2
   f - Conjure Flame                  Conjuration/Fire             3
   g - Mephitic Cloud                 Conjuration/Poison/Air       3
Comestibles
 d - 2 bread rations
 o - a meat ration


   Skills:
 + Level 2.3 Dodging
 + Level 2.4 Stealth
 + Level 3.4 Spellcasting
 + Level 3.6 Conjurations
 + Level 0.2 Charms
   Level 1.2 Summonings
 + Level 0.7 Translocations
 + Level 0.6 Air Magic
 + Level 0.2 Poison Magic


You had one spell level left.
You knew the following spells:

 Your Spells              Type           Power        Failure   Level  Hunger
a - Magic Dart            Conj           ###.         4%          1    None
b - Blink                 Tloc           N/A          17%         2    ##.....
e - Mephitic Cloud        Conj/Pois/Air  #.......     28%         3    ###....
k - Repel Missiles        Chrm/Air       #.....       21%         2    ##.....


Dungeon Overview and Level Annotations

Branches:
Dungeon (2/15)

Altars:
Kikubaaqudgha

Annotations:
D:2 Ijyb


Innate Abilities, Weirdness & Mutations

You have a beak for a mouth.
You have claws for feet.


Message History

Your magical contamination has completely faded away.
You start resting.
Magic restored.
Casting: Magic Dart
Confirm with . or Enter, or press ? or * to list all spells.
You can't see any susceptible monsters within range! (Use Z to cast anyway.)
You see here an adder corpse.
You now have 68 gold pieces (gained 3).
Found a plate armour.
Casting: Magic Dart
Confirm with . or Enter, or press ? or * to list all spells.
You can't see any susceptible monsters within range! (Use Z to cast anyway.)
Found an escape hatch in the ceiling.
Casting: Magic Dart
Confirm with . or Enter, or press ? or * to list all spells.
You can't see any susceptible monsters within range! (Use Z to cast anyway.) Ijyb the Twisted Goblin comes into view.
She is wielding a club.
Ijyb zaps a wand.
The bolt of lightning hits you!
Ouch! That really hurt!
You die...

.###.#..#####....#
. .
...........†.###.#
. . ....#..######
# #.
.<###.....#######.
..
..................
......#....[..###.
..#.....#..###
...#....##..#
.......@....#
####..#........
#..........#
...##........ ...#
#..#....## ###.
#..#.##.# # #.....
.# #g.# ##


You could see Ijyb.

Vanquished Creatures
  2 adders (D:2)
  2 dart slugs (D:1)
  2 leopard geckos (D:1)
  A bat zombie (D:2)
  3 giant cockroaches
  4 goblins
  5 hobgoblins (D:1)
  4 jackals (D:1)
  A quokka (D:2)
  2 bats (D:1)
  A frilled lizard (D:1)
  7 kobolds
  5 rats
  A rat zombie (D:2)
40 creatures vanquished.

Notes
Turn   | Place    | Note
-------+----------+-------------------------------------------
     0 | D:1      | Khazard the Tengu Wizard began the quest for the Orb.
     0 | D:1      | Reached XP level 1. HP: 10/10 MP: 5/5
    65 | D:1      | You fall through a shaft!
    65 | D:2      | Found an ancient bone altar of Kikubaaqudgha.
   341 | D:2      | Reached XP level 2. HP: 15/15 MP: 1/7
   399 | D:2      | Learned a level 2 spell: Blink
   402 | D:2      | Learned a level 2 spell: Repel Missiles
   717 | D:2      | Reached XP level 3. HP: 12/19 MP: 4/8
   898 | D:1      | Learned a level 3 spell: Mephitic Cloud
  1785 | D:1      | Reached XP level 4. HP: 24/24 MP: 10/10
  1938 | D:2      | Noticed Ijyb
  1938 | D:2      | Killed from afar by Ijyb

Skill      XL: |  1  2 |
---------------+-------+-----
Conjurations   | 2 3 |  3.6
Dodging        | |  2.3
Stealth        | |  2.4
Spellcasting   | |  3.4
Charms         | |  0.2
Summonings     | |  1.2
Translocations | |  0.7
Air Magic      | |  0.6
Poison Magic   | |  0.2

Action                   |  1- 3 |  4- 6 || total
-------------------------+-------+-------++-------
Melee: Unarmed           |    26 |       ||    26
       Kick              |     5 |       ||     5
       Peck              |     5 |       ||     5
 Cast: Magic Dart        |    75 |     9 ||    84
       Repel Missiles    |     2 |       ||     2
  Eat: Chunk             |     3 |       ||     3
Armor: Robe              |    14 |       ||    14
Dodge: Dodged            |    34 |     1 ||    35
       Deflected         |     3 |       ||     3
